 Dungeon Crawl Stone Soup version 0.26-a0-158-g66bac3cce0 (webtiles) character file.

Game seed: 6157779837036172159

121 Esekla the Skirmisher (level 5, -8/43 HPs)
             Began as a Formicid Abyssal Knight on July 2, 2020.
             Was a Follower of Dithmenos.
             Mangled by a thrashing horror (16 damage)
             ... created by the touch of Lugonu
             ... on level 2 of the Dungeon on July 3, 2020.
             The game lasted 00:21:59 (2501 turns).

Esekla the Skirmisher (Formicid Abyssal Knight)     Turns: 2501, Time: 00:21:59

Health: -8/43      AC:  3    Str: 17    XL:     5   Next: 26%
Magic:  6/6        EV: 11    Int: 11    God:    Dithmenos [*.....]
Gold:   128        SH:  0    Dex: 11    Spells: 4/4 levels left

rFire    . . .     SeeInvis +   a - +1 falchion
rCold    . . .     Faith    .   (no shield)
rNeg     . . .     Spirit   .   b - +0 leather armour
rPois    .         Reflect  .   (helmet unavailable)
rElec    .         Harm     .   (no cloak)
rCorr    .                      (no gloves)
MR       .....                  (no boots)
Stlth    +.........             (no amulet)
HPRegen  0.14/turn              (no ring)
MPRegen  0.10/turn              (no ring)

@: wreathed by umbra
A: permanent stasis, dig shafts and tunnels, four strong arms, antennae 3
a: Dig, Shaft Self, Renounce Religion


You were on level 2 of the Dungeon.
You worshipped Dithmenos.
Dithmenos was aware of your devotion.
You were near starving.

You visited 1 branch of the dungeon, and saw 2 of its levels.
You visited the Abyss 1 time.

You collected 128 gold pieces.

Inventory:

Hand Weapons
 a - a +1 falchion (weapon)
 p - a +0 spear
Armour
 b - a +0 leather armour (worn)
Scrolls
 d - 2 scrolls of remove curse {unknown}
 e - 2 scrolls of identify {unknown}
 g - 2 scrolls of amnesia {unknown}
 k - a scroll of enchant weapon {unknown}
 o - a scroll of enchant armour {unknown}
Potions
 f - a potion of degeneration {unknown}
 h - 2 potions of cancellation {unknown}
 i - a potion of haste {unknown}
 j - 2 potions of resistance {unknown}
 l - a potion of might {unknown}
 m - 3 potions of curing {unknown}
 n - a potion of invisibility {unknown}
Comestibles
 c - 6 rations


   Skills:
 * Level 4.7 Fighting
 + Level 3.1 Long Blades
 + Level 3.0 Armour
 + Level 1.2 Dodging
 + Level 0.3 Stealth
 + Level 2.3 Invocations


You had 4 spell levels left.
You didn't know any spells.
Your spell library was empty.

Dungeon Overview and Level Annotations

Branches:
Dungeon (2/15)

Altars:
Dithmenos
Makhleb

Annotations:
D:2 Sigmund


Innate Abilities, Weirdness & Mutations

You cannot be hasted, slowed, berserked, paralysed or teleported.
You can dig through walls and to a lower floor.
Your four strong arms can wield two-handed weapons with a shield.
You have a pair of large antennae on your head. (SInv)


Message History

You are near starving!
The thrashing horror roars!
You begin to dig a shaft.
You continue digging a shaft.
The thrashing horror tramples you!
You stumble backwards!
You stop digging.
You hit the thrashing horror.
The thrashing horror is lightly damaged.
The thrashing horror barely misses you. x2
The thrashing horror closely misses you.
The thrashing horror barely misses you.
You closely miss the thrashing horror.
The thrashing horror is lightly damaged.
The thrashing horror tramples you.
You hold your ground!
The thrashing horror tramples you!
You stumble backwards!
The thrashing horror tramples you!
* * * LOW HITPOINT WARNING * * *
You hold your ground!
The thrashing horror tramples you but does no damage.
Are you sure you want to shaft yourself?
You feel somewhat more hungry. The thrashing horror tramples you!
You die...

#..#.......#####.#
######..#......## #.#
#.............## #.#
#####.####..#...{## ##.#
#######...#.####..##.### #...
#.................##.# #...
#....♣...##..###)###.# #.##
#...♣.♣..##..###.###'## #.##
#..♣)_.♣.##....X@##...## #.##
#...♣.♣...##.#####.....## #...
#....♣.....#.# ##...÷...## ##.##
#............###...<.....####...#
#.#####........+.........+.......
#. #.#...####...÷.....####...# #
#.##.## ##..@....## ##...
#.#####.#### ##.....## ##.#
#........### ##.@.## #.#


You could see a thrashing horror.

Vanquished Creatures
  Terence (D:2)
  4 adders
  2 oozes (D:1)
  A leopard gecko (D:1)
  An orc (D:2)
  8 bats
  3 giant cockroaches
  11 goblins
  5 hobgoblins
  6 kobolds
  A quokka (D:2)
  A frilled lizard (D:1)
  3 rats (D:1)
47 creatures vanquished.

Vanquished Creatures (others)
  4 starspawn tentacles (Abyss:1)
4 creatures vanquished.

Grand Total: 51 creatures vanquished

Notes
Turn   | Place    | Note
-------+----------+-------------------------------------------
     0 | Abyss:1  | Esekla the Formicid Abyssal Knight began the quest for the
                  | Orb.
     0 | Abyss:1  | Reached XP level 1. HP: 18/18 MP: 2/2
     0 | Abyss:1  | Found a corrupted altar of Lugonu.
    30 | Abyss:1  | Found a corrupted altar of Lugonu.
    99 | Abyss:1  | Noticed a neqoxec
   162 | Abyss:1  | Noticed a tentacled starspawn
   172 | Abyss:1  | Noticed a neqoxec
   175 | Abyss:1  | Noticed a tentacled starspawn
   180 | Abyss:1  | Noticed a starcursed mass
   180 | D:1      | Escaped the Abyss
   352 | D:1      | Reached XP level 2. HP: 17/24 MP: 3/3
   655 | D:1      | Reached skill level 4 in Fighting
   655 | D:1      | Reached XP level 3. HP: 19/30 MP: 4/4
  1046 | D:1      | Reached * piety under Lugonu
  1315 | D:2      | Reached XP level 4. HP: 18/37 MP: 5/5
  1333 | D:2      | Noticed Terence
  1664 | D:2      | Reached skill level 1 in Dodging
  1810 | D:2      | Found a burning altar of Makhleb.
  1869 | D:2      | Noticed Sigmund
  2314 | D:2      | Found a faded altar of an unknown god.
  2321 | D:2      | Fell from the grace of Lugonu
  2321 | D:2      | Became a worshipper of Dithmenos the Shadowed
  2321 | D:2      | Reached * piety under Dithmenos
  2366 | D:2      | Killed Terence
  2366 | D:2      | Reached XP level 5. HP: 19/43 MP: 6/6
  2497 | D:2      | Noticed a thrashing horror
  2501 | D:2      | Mangled by a thrashing horror

Illustrated notes

Levels and vault maps discovered:
D:1:      minmay_arrival_stone_box, layout_loops_ring
D:2:      layout_loops_corners, nicolae_overflow_crystal_walls,
          chequers_ecumenical_altar_simple_redux, uniq_sigmund, uniq_terence

Skill      XL: |  1  2  3  4 |
---------------+-------------+-----
Fighting       | 4 |  4.7
Dodging        | 1 |  1.2
Armour         | 3 |  3.0
Long Blades    | 3 |  3.1
Stealth        | |  0.3
Invocations    | |  2.3

Action                   |  1- 3 |  4- 6 || total
-------------------------+-------+-------++-------
Melee: Falchion          |    90 |    71 ||   161
Invok: Depart the Abyss  |     1 |       ||     1
 Abil: Shaft Self        |       |     2 ||     2
  Eat: Chunk             |     1 |     3 ||     4
Armor: Leather armour    |    21 |    21 ||    42
Dodge: Dodged            |    65 |    51 ||   116
       Rpst.: Falchion   |    20 |    15 ||    35

Table legend:
 A = Non-vault XP
 B = Vault XP
 C = Vault XP percentage of total XP
 D = Non-vault monster count
 E = Vault monster count
 F = Vault count percentage of total count
                 A         B        C        D         E       F
            +---------+---------+-------+---------+---------+-------
      Total |     137 |      36 |  20.8 |      46 |       1 |   2.1
            +---------+---------+-------+---------+---------+-------
        D:1 |      72 |       0 |   0.0 |      29 |       0 |   0.0
        D:2 |      65 |      36 |  35.6 |      17 |       1 |   5.6
            +---------+---------+-------+---------+---------+-------
